Description

Please comment when you lose a game using this opener and tell me why you think you lost. It doesn't have to apply to the build order, just tell me.

The original build order was published by PiG in 2018. (https://lotv.spawningtool.com/build/68954/) I've removed the mid-late game parts of his build and made it purely an opener. I've also removed some static defenses based on his scouting.You may need to add spores/spines in if you see the correct push coming.

The meta in 2018 (at least in ZvP) was somewhat similar in that it was a Roach Hydra Lurker based build against Chargelot Archon type builds. Today, Stalker-Colossus seems to be popular and Zealot-Stalker rush. The amount of Roaches you will have at the time you may get rushed is a great advantage, and with the powerful early Roach push, you also get the chance to scout the toss. I, for one, have trouble scouting in mid-late game because I'm too chicken to send an Overlord or Overseer across the map. I hope to be using this in the future, as it seems a great ZvP style. PiG, Thank you for publishing your original!

Changelog

Feb 1, 2021: added Changelog, bolded "You may need to add spores/spines in if you see the correct push coming," and added "Please comment when you lose a game using this opener and tell me why you think you lost. It doesn't have to apply to the build order, just tell me"

Here's the original VOD that he included in his build:

VOD

https://www.youtube.com/watch?v=Sz4Z-W0bf5g

Build Order

Get SALT Encoding   

  13  0:13  Overlord  
  16  0:49  Hatchery  
  18  1:10  Extractor  
  17  1:15  Spawning Pool  
  19  1:54  Overlord  
  20  2:01  Queen x2  
  20  2:02  Zergling x2  - Total of 4 lings.
  26  2:11  Metabolic Boost  
  26  2:13  Zergling  - Total of 2 lings.
  31  2:40  Hatchery  
  32  2:56  Overlord, Queen  
  36  3:16  Overlord  
  40  3:30  Action  - Put drones back on gas
  44  3:32  Overlord  
  45  3:43  Queen  
  51  3:52  Queen  
  56  4:14  Roach Warren  
  58  4:20  Extractor  
  59  4:30  Lair  
  63  4:33  Extractor x2  
  68  5:17  Roach x11  
  82  5:27  Glial Reconstitution  
  82  5:32  Roach x3  
  82  5:33  Overseer  
Spawning Tool Build Advisor. Get it on Overwolf

Go to:

Details

  • Created by: Dark_Avenger
  • Published on: Jan 27, 2021
  • Modified on: Feb 01, 2021
  • Patch: 4.11.0
  • Difficulty: Easy
Show
View Real Time Build Order
Export as new Build Order

Comments (0)

There are no comments. Be the first!

Create an account to comment!